 Dungeon Crawl Stone Soup version 0.30-a0-414-gcb316572d5 (webtiles) character file.

Game seed: 10637518101977144395

1225 zishaf the Trooper (level 8, -1/61 HPs)
             Began as a Djinni Venom Mage on Dec 7, 2022.
             Was a Priest of Makhleb.
             Slain by a kobold brigand
             ... wielding a +0 dagger
              (4 damage)
             ... on level 6 of the Dungeon.
             The game lasted 00:10:21 (5347 turns).

zishaf the Trooper (Djinni Venom Mage)              Turns: 5347, Time: 00:10:21

Health: -1/61      AC:  7    Str:  9    XL:     8   Next: 76%
Gold:   901        EV: 12    Int: 24    God:    Makhleb [***...] SH:  0 Dex: 20

rFire   + + +      SeeInvis +    a - staff of poison
rCold   + . .      Faith    +    (no shield)
rNeg    . . .      Spirit   .    p - +1 leather armour {Will+}
rPois   ∞          Reflect  .    (helmet restricted)
rElec   .          Harm     .    e - +0 cloak
rCorr   .          Rampage  .    A - +1 pair of gloves of Mutualism {rF+ Str+2 SInv}
Will    +....                    (boots unavailable)
Stlth   ++........               B - amulet of Titasuq {Faith rC+ Int+5}
HPRegen 0.30/turn                q - +6 ring of dexterity
MPRegen 0.00/turn                o - ring of protection from cold

@: flying
A: sickness immunity, fire resistance 2, cold vulnerability 1, float, innate
caster, HP casting, extra vitality 1, beak, claws 1, wild magic 1
a: Renounce Religion, Minor Destruction, Lesser Servant of Makhleb


You were on level 6 of the Dungeon.
You worshipped Makhleb.
Makhleb was most pleased with you.
You visited 2 branches of the dungeon, and saw 7 of its levels.
You also visited: Ossuary.

You collected 945 gold pieces.
You spent 44 gold pieces at shops.

Inventory:

Hand Weapons
 b - a +0 falchion of holy wrath
 w - a +2 short sword of electrocution
Armour
 e - a +0 cloak (worn)
 f - a +0 helmet
 p - a +1 leather armour of willpower (worn)
 A - the +1 pair of gloves of Mutualism (worn) {rF+ Str+2 SInv}
   (You acquired it on level 5 of the Dungeon)

   Str:       It affects your strength (+2).
   rF:        It protects you from fire.
   SInv:      It lets you see invisible.
Magical Staves
 a - a staff of poison (weapon)
 x - a staff of cold
Jewellery
 l - an amulet of reflection
 o - a ring of protection from cold (right hand)
 q - a +6 ring of dexterity (left hand)
 B - the amulet of Titasuq (around neck) {Faith rC+ Int+5}
   (You acquired it on level 5 of the Dungeon)

   [amulet of faith]

   It allows you to gain divine favour quickly.
   Int:       It affects your intelligence (+5).
   rC:        It protects you from cold.
Wands
 g - a wand of flame (38)
 k - a wand of polymorph (9)
Scrolls
 c - a scroll of blinking
 j - a scroll of fear
 s - a scroll of magic mapping
 t - 3 scrolls of teleportation
Potions
 d - a potion of mutation
 h - 2 potions of brilliance
 i - a potion of ambrosia
 m - a potion of haste
 n - a potion of curing
 r - a potion of lignification


   Skills:
 + Level 5.6 Fighting
 - Level 1.0 Long Blades
 - Level 2.1 Dodging
 - Level 1.5 Stealth
 + Level 5.0 Spellcasting
 + Level 4.8 Invocations
 - Level 1.0 Evocations


You had one spell level left.
You knew the following spells:

 Your Spells              Type           Power      Damage    Failure   Level
a - Sting                 Tmut/Pois      100%       1d8       3%          1
b - Poisonous Vapours     Pois/Air       100%       N/A       4%          2
c - Magic Dart            Conj           100%       1d8       3%          1
z - Mephitic Cloud        Conj/Pois/Air  56%        N/A       8%          3
A - Olgreb's Toxic Radia  Pois           56%        N/A       22%         4
B - Ozocubu's Armour      Ice            39%        N/A       8%          3
P - Passwall              Tmut/Erth      32%        N/A       4%          2
Your spell library was empty.

Dungeon Overview and Level Annotations

Branches:
Dungeon (6/15)             Temple (1/1) D:4         Ossuary (visited)

Altars:
Cheibriados
Dithmenos
Elyvilon
Fedhas
Gozag
Hepliaklqana
Makhleb
Nemelex Xobeh
Okawaru
Qazlal
Ru
Trog
Uskayaw
Wu Jian
Xom
Zin
The Shining One

Shops:
D:2 ?((

Annotations:
D:4 1 runed translucent door, p00ps00p's ghost, amateur HOFi
Temple 4 transporters


Innate Abilities, Weirdness & Mutations

You are immune to sickness and miasma.
You are immune to poison.
Your flesh is very heat resistant. (rF++)
You are vulnerable to cold. (rC-)
You float through the air rather than walking.
You learn spells naturally, not from books.
Your magical power is your life essence.
You have superior vitality. (+4 MHP)
You have a beak for a mouth.
You have sharp fingernails.
Your spells are a little harder to cast, but a little more powerful.


Message History

Makhleb accepts your kill.
You can now summon a lesser servant of Makhleb.
You start resting.
A kobold brigand is nearby!
The kobold brigand throws a curare-tipped dart.
The curare-tipped dart hits you.
Casting: Sting (safe; 3% risk of failure)
Confirm with . or Enter, or press ? or * to list all spells.
You can't see any susceptible monsters within range! (Use Z to cast anyway.)
Casting: Sting (safe; 3% risk of failure)
Confirm with . or Enter, or press ? or * to list all spells.
Aiming: Sting (safe; 3% risk of failure)
Press: ? - help, Shift-Dir - straight line, f - kobold brigand
Aim: a kobold brigand, wielding a +0 dagger and quivering curare-tipped darts (72% to hit)
You feel a surge of power!
The sting hits the kobold brigand.
The kobold brigand is poisoned.
The kobold brigand is lightly wounded.
* * * LOW HITPOINT WARNING * * *
Casting: Sting (safe; 3% risk of failure)
Confirm with . or Enter, or press ? or * to list all spells.
Aiming: Sting (safe; 3% risk of failure)
Press: ? - help, Shift-Dir - straight line, f/p - kobold brigand
Aim: a kobold brigand, wielding a +0 dagger and quivering curare-tipped darts (lightly wounded, poisoned, 72% to hit)
You feel a surge of power!
The sting hits the kobold brigand.
The kobold brigand looks even sicker.
The kobold brigand is lightly wounded.
* * * LOW HITPOINT WARNING * * *
A kobold comes into view. It is wielding a +0 whip.
The kobold brigand hits you with a +0 dagger.
* * * LOW HITPOINT WARNING * * *
Casting: Sting (safe; 3% risk of failure)
Confirm with . or Enter, or press ? or * to list all spells.
Aiming: Sting (safe; 3% risk of failure)
Press: ? - help, Shift-Dir - straight line, f/p - kobold brigand
Aim: a kobold brigand, wielding a +0 dagger and quivering curare-tipped darts (lightly wounded, very poisoned, 72% to hit)
You feel a surge of power!
The sting misses the kobold brigand.
The kobold shouts!
* * * LOW HITPOINT WARNING * * *
The kobold brigand hits you with a +0 dagger.
You die...

#).))# #### #...#
....##.).#
........).#
..........#
.....)).)†#
........)†#######
..........K.....#
...........@....#
.....##.........#
.... #.........####
...
#.............#######
..
+....##...###.......#
#....##+#####.#####.#
#....#..# #.....#
#....#..# #.....#
#....#..###.....###


You could see a kobold brigand (very poisoned).

Vanquished Creatures
  2 ice beasts
  A black bear (D:6)
  A phantom (D:4)
  A kobold brigand (D:6)
  A bullfrog (D:6)
  An elf zombie (Ossuary)
  A necrophage (D:6)
  A scorpion (D:4)
  A centaur zombie (Ossuary)
  Crazy Yiuf (D:4)
  A human zombie (Ossuary)
  An orc priest (D:4)
  A hound (D:6)
  2 jellies
  Terence (D:2)
  3 iguanas
  An orc wizard (D:4)
  3 mummies
  Robin (D:2)
  A gnoll (D:1)
  5 adders
  An adder zombie (Ossuary)
  2 worms (D:3)
  12 orcs
  2 endoplasms (D:3)
  2 giant cockroaches
  7 hobgoblins
  3 quokkas
  2 ball pythons
  A bat (D:1)
  10 frilled lizards
  8 goblins
  A goblin zombie (Ossuary)
  12 hobgoblin zombies (Ossuary)
  2 jackal zombies (Ossuary)
  16 kobolds
  12 kobold zombies (Ossuary)
  4 orc zombies (Ossuary)
  2 rats (D:2)
  2 rat zombies (Ossuary)
132 creatures vanquished.

Vanquished Creatures (others)
  3 plants (D:5)
3 creatures vanquished.

Grand Total: 135 creatures vanquished

Notes
Turn   | Place    | Note
-------+----------+-------------------------------------------
     0 | D:1      | zishaf the Djinni Venom Mage began the quest for the Orb.
     0 | D:1      | zishaf set off with the following spells memorised: Sting,
                  | Poisonous Vapours, Mephitic Cloud, Olgreb's Toxic Radiance.
     0 | D:1      | Reached XP level 1. HP: 15/15 MP: 0/0
   210 | D:1      | Reached skill level 1 in Fighting
   210 | D:1      | Reached XP level 2. HP: 12/22 MP: 0/0
   804 | D:2      | Found Ywynesef's Weapon Shop.
   812 | D:2      | Reached XP level 3. HP: 19/27 MP: 0/0
   812 | D:2      | Learned a level 1 spell: Magic Dart
   934 | D:2      | Found Mote's Weapon Emporium.
   963 | D:2      | Noticed Robin
  1080 | D:2      | Found Roenuseh's Magic Scroll Shop.
  1086 | D:2      | Bought a scroll of fear for 44 gold pieces
  1249 | D:2      | Noticed Terence
  1362 | D:2      | Killed Robin
  1623 | D:2      | Killed Terence
  1624 | D:2      | Reached XP level 4. HP: 24/34 MP: 0/0
  2460 | D:3      | Reached skill level 1 in Long Blades
  2546 | D:4      | Reached XP level 5. HP: 38/39 MP: 0/0
  2546 | D:4      | Learned a level 2 spell: Passwall
  2563 | D:4      | Found a staircase to the Ecumenical Temple.
  2572 | Temple   | Entered the Ecumenical Temple
  2572 | Temple   | Found a transporter.
  2572 | Temple   | Found a transporter.
  2574 | Temple   | Found a transporter.
  2574 | Temple   | Found a transporter.
  2590 | Temple   | Became a worshipper of Makhleb the Destroyer
  2610 | D:4      | Found a runed translucent door.
  2627 | D:4      | Reached skill level 1 in Invocations
  2631 | D:4      | Noticed a phantom
  2647 | D:4      | Killed a phantom
  2648 | D:4      | Reached XP level 6. HP: 44/46 MP: 0/0
  2659 | D:4      | Found a sand-covered staircase.
  2670 | Ossuary  | Entered an ossuary
  2798 | Ossuary  | Reached * piety under Makhleb
  2890 | Ossuary  | Reached XP level 7. HP: 51/51 MP: 0/0
  2890 | Ossuary  | Learned a level 3 spell: Ozocubu's Armour
  2962 | Ossuary  | Gained mutation: You have sharp fingernails. [potion of
                  | mutation]
  2962 | Ossuary  | Gained mutation: Your muscles are strong. (Str +4, Int/Dex
                  | -1) [potion of mutation]
  2962 | Ossuary  | Gained mutation: You have a beak for a mouth. [potion of
                  | mutation]
  2963 | Ossuary  | Lost mutation: You have sharp fingernails. [potion of
                  | mutation]
  2963 | Ossuary  | Lost mutation: Your muscles are strong. (Str +4, Int/Dex
                  | -1) [potion of mutation]
  2963 | Ossuary  | Gained mutation: Your spells are a little harder to cast,
                  | but a little more powerful. [potion of mutation]
  2963 | Ossuary  | Gained mutation: You have sharp fingernails. [potion of
                  | mutation]
  3228 | D:4      | Noticed p00ps00p's ghost (amateur HOFi)
  3407 | D:4      | Found a blossoming altar of Fedhas.
  3474 | D:4      | Found a runed translucent door.
  3475 | D:4      | Noticed Crazy Yiuf
  3704 | D:5      | Entered Level 5 of the Dungeon
  3852 | D:5      | Reached ** piety under Makhleb
  3957 | D:5      | Identified 3 scrolls of acquirement
  3957 | D:5      | Acquired the +1 pair of gloves of Mutualism {rF+ Str+2
                  | SInv}
  3964 | D:5      | Acquired the amulet of Titasuq {Faith rC+ Int+5}
  3976 | D:5      | Acquired 736 gold pieces
  4150 | D:4      | Killed Crazy Yiuf
  4286 | D:5      | Found a stormy altar of Qazlal.
  4289 | D:5      | Found a sparkling altar of Nemelex Xobeh.
  4290 | D:5      | Found an iron altar of Okawaru.
  4292 | D:5      | Found a shimmering altar of Xom.
  4299 | D:5      | Found a white marble altar of Elyvilon.
  4511 | D:5      | Reached skill level 1 in Evocations
  4511 | D:5      | Reached XP level 8. HP: 29/58 MP: 0/0
  4719 | D:5      | Found a glowing silver altar of Zin.
  5186 | D:6      | Reached skill level 5 in Fighting
  5240 | D:6      | Found a snail-covered altar of Cheibriados.
  5323 | D:6      | Reached skill level 5 in Spellcasting
  5335 | D:6      | HP: 2/60 [iguana (11)]
  5339 | D:6      | Reached *** piety under Makhleb
  5347 | D:6      | Slain by a kobold brigand

Illustrated notes

Levels and vault maps discovered:
D:1:      nicolae_arrival_memento_mori, layout_basic
D:2:      wad_pebble_path, layout_loops_ring, serial_shops,
          nicolae_shop_bloodbath_and_beyond, nicolae_shop_statue_plus,
          nicolae_square_shop, uniq_terence, uniq_robin
D:3:      layout_loops_ring, amcnicky_mini_corridor_feature, grunt_ministairs_3
D:4:      cheibrodos_pilgrimage, layout_cave_pools,
          mainiacjoe_overflow_alcove_4, minmay_temple_entry_drinking_statues,
          ebering_ghost_reflecting_pool, nicolae_ossuary_entry_monument,
          uniq_crazy_yiuf_cottage
D:5:      layout_loops_ring, amethyst_overflow_temple_binary,
          grunt_temple_overflow_open, serial_bayou_lagoon_a, ldierk_geyser,
          minmay_lizard_king
D:6:      layout_gridville, slow_altar_1, grunt_ministairs_12,
          nicolae_water_bricks
Temple:   hellmonk_temple_divided_pantheon

Skill      XL: |  1  2  3  4  5  6  7  8 |
---------------+-------------------------+-----
Fighting       | 1 2 3 4 5 |  5.6
Spellcasting   | 3 4 5 |  5.0
Long Blades    | 1 |  1.0
Invocations    | 1 2 3 4 |  4.8
Evocations     | 1 |  1.0
Dodging        | |  2.1
Stealth        | |  1.5

Action                   |  1- 3 |  4- 6 |  7- 9 || total
-------------------------+-------+-------+-------++-------
Melee: Unarmed           |    10 |       |       ||    10
       Short sword       |     3 |       |       ||     3
       Staff             |       |     3 |     4 ||     7
       Falchion          |       |    83 |    26 ||   109
       Punch             |       |     3 |     1 ||     4
       Peck              |       |       |     1 ||     1
 Cast: Sting             |    44 |    27 |   130 ||   201
       Poisonous Vapours |    11 |     8 |     8 ||    27
       Mephitic Cloud    |     1 |       |       ||     1
       Magic Dart        |       |       |    17 ||    17
       Olgreb's Toxic Ra |       |       |     3 ||     3
  Use: Scroll            |       |     7 |    14 ||    21
       Potion            |       |       |     3 ||     3
 Stab: Sleeping          |       |     1 |     2 ||     3
Armor: Robe              |     3 |       |       ||     3
       Leather armour    |       |    30 |    42 ||    72
Dodge: Dodged            |    20 |    31 |    78 ||   129
Block: Other             |     1 |    21 |    14 ||    36
       Reflection        |       |     1 |       ||     1

Table legend: (Time is in decaauts)
 A = Elapsed time spent in this place.
 B = Non-inter-level travel time spent in this place.
 C = Inter-level travel time spent in this place.
 D = Time resting spent in this place.
 E = Time spent auto-exploring this place.
 F = Levels seen in this place.
 G = Mean time per level.
                   A        B        C        D        E       F      G
               +--------+--------+--------+--------+--------+-----+--------+
         Total |   5375 |   5176 |    199 |    377 |   3705 |   8 |  671.9 |
       Dungeon |   5008 |   4809 |    199 |    377 |   3557 |   6 |  834.7 |
        Temple |     36 |     36 |      0 |      0 |      0 |   1 |   36.0 |
       Ossuary |    329 |    329 |      0 |      0 |    148 |   1 |  329.0 |
               +--------+--------+--------+--------+--------+-----+--------+

Top non-repeatable levels by time:
     D:4: 1230 daAuts
     D:5: 981 daAuts
     D:2: 936 daAuts
     D:3: 928 daAuts
     D:1: 704 daAuts
 Ossuary: 329 daAuts
     D:6: 227 daAuts
  Temple: 36 daAuts
